 Dungeon Crawl Stone Soup version 0.23.2-1-ga50397a (webtiles) character file.

Game seed: 59779242814233061

635 Fang the Skirmisher (level 7, -2/44 HPs)
             Began as a Gargoyle Berserker on Apr 29, 2019.
             Was a Believer of Trog.
             Slain by an ogre
             ... wielding a +0 giant spiked club
              (22 damage)
             ... on level 5 of the Dungeon.
             The game lasted 00:03:55 (3738 turns).

Fang the Skirmisher (Gargoyle Berserker)            Turns: 3738, Time: 00:03:55

Health: -2/44      AC: 16    Str: 23    XL:     7   Next: 50%
Magic:  7/7        EV:  8    Int:  7    God:    Trog [**....]
Gold:   235        SH:  0    Dex:  9    Spells: 6/6 levels left

rFire    . . .     SeeInvis .   a - +0 hand axe
rCold    . . .     Gourm    .   (no shield)
rNeg     + . .     Faith    .   b - +0 plate armour
rPois    ∞         Spirit   .   (no helmet)
rElec    +         Reflect  .   (no cloak)
rCorr    .         Harm     .   (no gloves)
MR       ++...                  (no boots)
Stlth    ..........             (no amulet)
HPRegen  1.14/turn              (no ring)
MPRegen  0.10/turn              (no ring)

@: berserk cooldown, regenerating, slowed, very slow
A: negative energy resistance 1, electricity resistance, unbreathing,
petrification resistance, rot immunity, AC +4
a: Berserk, Trog's Hand, Renounce Religion


You were on level 5 of the Dungeon.
You worshipped Trog.
Trog was pleased with you.
You were hungry.

You visited 1 branch of the dungeon, and saw 5 of its levels.

You collected 235 gold pieces.

Inventory:

Hand Weapons
 a - a +0 hand axe (weapon)
Armour
 b - a +0 plate armour (worn)
Wands
 o - a wand of acid (8)
Scrolls
 d - 2 scrolls of teleportation {unknown}
 e - a scroll of amnesia {unknown}
 f - 2 scrolls of fog {unknown}
 g - a scroll of enchant weapon {unknown}
 i - 9 scrolls of identify {unknown}
 k - a scroll of blinking {unknown}
 t - a scroll of remove curse {unknown}
 u - a scroll of enchant armour {unknown}
Potions
 h - 3 potions of cancellation {unknown}
 j - 2 potions of mutation {unknown}
 l - 2 potions of haste {unknown}
 n - a potion of heal wounds {unknown}
 p - a potion of lignification {unknown}
 q - a potion of degeneration {unknown}
 r - a potion of flight {unknown}
 s - a potion of might {unknown}
Comestibles
 c - 13 rations


   Skills:
 + Level 5.4 Fighting
 + Level 4.4 Axes
 + Level 4.8 Armour
 + Level 3.5 Dodging


You had 6 spell levels left.
You didn't know any spells.
Your spell library was empty.

Dungeon Overview and Level Annotations

Branches:
Dungeon (5/15)
 Temple: D:4-7

Altars:
Hepliaklqana
Nemelex Xobeh
Zin

Shops:
D:4 [

Annotations:
D:5 Dowan, Grinder


Innate Abilities, Weirdness & Mutations

You are resistant to torment.
Your stone body is resilient. (AC +4)
You are immune to poison.
You resist negative energy. (rN+)
You are resistant to electric shocks. (rElec)
You can survive without breathing.
You are immune to petrification.
You are immune to rotting.


Message History

You are too injured to fight recklessly!
You are too injured to fight recklessly!
Your skin crawls.
You feel resistant to hostile enchantments.
You feel somewhat more hungry.
Dowan mumbles some strange words.
Dowan blinks!
Grinder blinks!
The ogre hits you with a +0 giant spiked club.
Dowan gestures wildly while chanting.
Dowan blinks!
The ogre hits you with a +0 giant spiked club.
* * * LOW HITPOINT WARNING * * *
Dowan zaps a wand.
The puff of flame misses you.
Dowan zaps a wand.
The puff of flame hits you but does no damage.
Dowan mumbles some strange words.
Dowan blinks!
The ogre barely misses you. Grinder hits you but does no damage.
The ogre hits you with a +0 giant spiked club!!
Ouch! That really hurt!
You die...

#.....##.####
#.....##.#
####'###.#
##)###.#
#...)..# #
#......# #.#
#......# ..
#.....)#
##.#.##@....#
.......O5####
#..#.###e.#
#§.......#
#......))......#
#(.......#######
#........#
...#....... ..
#......##


You could see Grinder, an ogre and Dowan.

Vanquished Creatures
  Duvessa (D:5)
  4 wights (D:5)
  2 howler monkeys (D:4)
  A bullfrog skeleton (D:4)
  A centaur skeleton (D:4)
  3 worker ants (D:4)
  3 gnolls (D:2)
  5 adders
  A shadow imp (D:5)
  An ooze (D:1)
  3 worms
  3 dart slugs
  4 leopard geckos
  2 orcs
  2 giant cockroaches
  8 goblins
  4 hobgoblins
  3 jackals (D:5)
  6 kobolds
  A ball python (D:4)
  10 bats
  6 frilled lizards
  A jackal skeleton (D:4)
  6 rats
81 creatures vanquished.

Notes
Turn   | Place    | Note
-------+----------+-------------------------------------------
     0 | D:1      | Fang the Gargoyle Berserker began the quest for the Orb.
     0 | D:1      | Reached XP level 1. HP: 14/14 MP: 1/1
    60 | D:1      | Reached XP level 2. HP: 11/19 MP: 2/2
   351 | D:1      | Reached XP level 3. HP: 17/23 MP: 3/3
   780 | D:2      | Reached ** piety under Trog
  1087 | D:2      | Found a faded altar of an unknown god.
  1127 | D:2      | Reached XP level 4. HP: 29/29 MP: 4/4
  1134 | D:2      | Reached skill level 4 in Fighting
  2047 | D:3      | Found a sparkling altar of Nemelex Xobeh.
  2384 | D:4      | Reached XP level 5. HP: 26/33 MP: 5/5
  2452 | D:4      | Found Hotekloe's Armour Emporium.
  2737 | D:4      | Reached XP level 6. HP: 22/39 MP: 6/6
  2997 | D:4      | Found a glowing silver altar of Zin.
  3431 | D:4      | Found a hazy altar of Hepliaklqana.
  3636 | D:5      | Entered Level 5 of the Dungeon
  3675 | D:5      | Reached skill level 5 in Fighting
  3689 | D:5      | Reached XP level 7. HP: 42/44 MP: 7/7
  3713 | D:5      | Noticed Dowan
  3715 | D:5      | Noticed Duvessa
  3716 | D:5      | Noticed Grinder
  3725 | D:5      | Killed Duvessa
  3738 | D:5      | Slain by an ogre

Skill      XL: |  1  2  3  4  5  6 |
---------------+-------------------+-----
Axes           | 3 4 |  4.4
Dodging        | 2 3 |  3.5
Armour         | 3 4 |  4.8
Fighting       | 4 5 |  5.4

Action                   |  1- 3 |  4- 6 |  7- 9 || total
-------------------------+-------+-------+-------++-------
Melee: Hand axe          |    96 |   195 |    30 ||   321
Invok: Berserk           |     2 |     1 |     1 ||     4
       Trog's Hand       |       |       |     1 ||     1
 Stab: Sleeping          |     1 |       |       ||     1
  Eat: Chunk             |     2 |    10 |       ||    12
Armor: Animal skin       |    56 |    57 |       ||   113
       Plate armour      |       |    15 |    21 ||    36
Dodge: Dodged            |   109 |   136 |    14 ||   259
